 Dungeon Crawl Stone Soup version 0.31-a0-7-g51783674b7 (webtiles) character file.

Game seed: 17728238521819510237

632 scionoferis the Poker (level 7, -2/64 HPs)
             Began as a Naga Warper on May 5, 2023.
             Was a Follower of Cheibriados.
             Slain by an iguana (8 damage)
             ... on level 5 of the Dungeon.
             The game lasted 00:16:48 (5139 turns).

scionoferis the Poker (Naga Warper)                 Turns: 5139, Time: 00:16:49

Health: -2/64      AC:  4    Str: 16 (18) XL:     7   Next: 49%
Magic:  10/10      EV:  9    Int: 15 (17) God:    Cheibriados [*.....]
Gold:   244        SH:  4    Dex: 18 (19) Spells: 8/10 levels left

rFire   . . .        a - +0 spear
rCold   . . .        l - +0 buckler
rNeg    . . .        b - +0 leather armour
rPois   +            c - +0 helmet
rElec   .            (no cloak)
rCorr   .            (no gloves)
SInv    +            (no barding)
Will    .....        (no amulet)
Stlth   +++          q - +6 ring of dexterity
HPRegen 0.30/turn    j - ring of flight
MPRegen 0.12/turn

%: no passive effects
@: brilliant, attractive, flying, very slow
A: AC +2, large, see invisible, deformed body, poison resistance, slowness 2,
spit poison 1, naga tail 1
a: Spit Poison, Renounce Religion, Bend Time


You were on level 5 of the Dungeon.
You worshipped Cheibriados.
Cheibriados was aware of your devotion.
You visited 1 branch of the dungeon, and saw 5 of its levels.

You collected 244 gold pieces.


Innate Abilities, Weirdness & Mutations

Your serpentine skin is tough. (AC +2)
You have supernaturally acute eyesight. (SInv)
Armour fits poorly on your strangely shaped body.
Your system is resistant to poisons. (rPois)
You cover ground very slowly.
You can spit poison.
You have a snake-like lower body.


   Skills:
 + Level 4.1 Fighting
 * Level 5.5 Polearms
 - Level 0.8 Throwing
 - Level 0.7 Armour
 - Level 1.5 Dodging
 - Level 5.0 Stealth
 - Level 2.0 Spellcasting
 - Level 3.0 Translocations
 + Level 3.0 Invocations


You had 8 spell levels left.
You knew the following spells:

 Your Spells              Type           Power      Damage    Failure   Level
a - Blink                 Tloc           30%        N/A       16%         2

Your spell library contained the following spells:

 Spells                   Type           Power      Damage    Failure   Level
 Lesser Beckoning         Tloc           30%        N/A       16%         2
 Teleport Other           Tloc           15%        N/A       32%         3
 Poisonous Vapours        Pois/Air       4%         N/A       50%         2
 Vhi's Electric Charge    Tloc/Air       18%        N/A       52%         3
 Manifold Assault         Tloc           15%        N/A       71%         4
 Mephitic Cloud           Conj/Pois/Air  2%         N/A       73%         3
 Animate Dead             Necr           2%         N/A       98%         4
 Borgnjor's Vile Clutch   Necr/Erth      1%         N/A       100%        5
 Freezing Cloud           Conj/Ice/Air   1%         6-21      100%        5
 Death Channel            Necr           1%         N/A       100%        6

Inventory:

Hand Weapons
 a - a +0 spear (weapon)
Missiles
 d - 7 boomerangs of dispersal
 u - 2 poisoned darts (quivered)
 A - 2 boomerangs
Armour
 b - a +0 leather armour (worn)
 c - a +0 helmet (worn)
   (You took it off Robin on level 3 of the Dungeon)
 l - a +0 buckler (worn)
   (You found it on level 2 of the Dungeon)
Magical Staves
 k - a staff of air
   (You found it on level 2 of the Dungeon)
 B - the staff of fire "Jishas" {Contam rF+ rC++ rCorr Dex+3}
   (You found it on level 5 of the Dungeon)

   [staff of fire]

   Base accuracy: +5 Base damage: 5 Base attack delay: 1.2 This weapon's minimum
   attack delay (0.6) is reached at skill level 12.
   Dex:       It affects your dexterity (+3).
   rF:        It protects you from fire.
   rC:        It greatly protects you from cold.
   Contam:    It causes magical contamination when unequipped.
   rCorr:     It protects you from acid and corrosion.
   It falls into the 'Staves' category.
   It is a one-handed weapon.
Jewellery
 j - a ring of flight (right hand)
   (You found it on level 5 of the Dungeon)
 q - a +6 ring of dexterity (left hand)
   (You found it on level 2 of the Dungeon)
Wands
 y - a wand of polymorph (10)
   (You found it on level 5 of the Dungeon)
Scrolls
 h - a scroll of amnesia
 i - a scroll of fog
 n - 2 scrolls of teleportation
 o - 2 scrolls of poison {unknown}
 p - 3 scrolls of enchant weapon {unknown}
 r - a scroll of magic mapping
 s - a scroll of vulnerability
 t - a scroll of silence {unknown}
 w - a scroll of torment {unknown}
 x - a scroll of noise {unknown}
Potions
 m - a potion of curing {unknown}
 v - a potion of ambrosia {unknown}
 z - a potion of berserk rage {unknown}

Dungeon Overview and Level Annotations

Branches:
Dungeon (5/15)
 Temple: D:4-7

Altars:
Cheibriados
Trog
Vehumet

Shops:
D:4 [

Annotations:
D:5 Blork the orc

##.......##.....##.# #.##
#...............##.# #)#.
#.......###.###..#.##### #)#.
#.......# #.# ##.#.....# #.#.
#.......# #.# #.......# #.#.
####.......# #.#####......####)#.
...........# #.#.. #.............
...........# #.#.#.#....######.#.
...........# #.#@#.............##
.....####### #.#l#######.......##
.....# #.......# ##....#..#
.....# #####.#.# #.......>
.....#########.....#.# #........
#######............#'####........
#.....)......#.......l...########
#.....#lh##..#...........#
#..#o.#l.##..#...........#


You could see an iguana.


Message History

Press: ? - help, Q - select action, (/) - cycle Shift-Dir - straight line, f/p - jelly
Aim: a jelly (moderately wounded, poisoned, 90% to hit)
You throw a poisoned dart. The poisoned dart hits the jelly.
The jelly is moderately wounded.
Unknown command.
You reach to attack!
You hit the jelly.
The jelly is severely wounded.
You have got your breath back.
You hit the jelly.
You kill the jelly!
Cheibriados thoroughly appreciates the change of pace.
Your Polearms skill increases to level 4!
Your Invocations skill increases to level 1!
No target in view!
You start waiting.
Done waiting.
u - 3 poisoned darts (gained 1)
u - 4 poisoned darts (gained 1)
g - a green potion A hound comes into view.
Aiming: Spit Poison (1% risk of failure)
Press: ? - help, Shift-Dir - straight line, f - hound
Aim: a hound (45% to hit)
The splash of poison hits the hound.
The hound is moderately wounded.
Unknown command.
Throw: 4 darts (poison)
Press: ? - help, Q - select action, (/) - cycle Shift-Dir - straight line, f/p - hound
Aim: a hound (moderately wounded, 50% to hit)
You throw a poisoned dart. The poisoned dart hits the hound.
The hound is poisoned.
The hound is moderately wounded.
You hit the hound but do no damage.
The hound is moderately wounded.
The hound barely misses you.
You hit the hound.
The hound is heavily wounded.
The hound barely misses you. The hound bites you.
You barely miss the hound.
The hound is heavily wounded.
You have got your breath back.
You block the hound's attack.
You hit the hound.
The hound is severely wounded.
The hound closely misses you. You block the hound's attack.
You hit the hound.
You kill the hound!
Cheibriados thoroughly appreciates the change of pace.
You see here a hound corpse.
You start resting.
HP restored.
You now have 159 gold pieces (gained 10).
u - 4 poisoned darts (gained 1)
n - 2 scrolls of teleportation (gained 1)
Found a stone staircase leading up.
Found 2 potions of lignification.
Found a stone staircase leading down.
Found a scroll labelled KAICWIOCLU.
There are no items here.
Found 3 stones.
You see here 2 potions of lignification.
j - 2 potions of lignification You now have 175 gold pieces (gained 16).
x - a scroll labelled KAICWIOCLU
Found a hand axe.
Found a leather armour.
You see here a +0 hand axe.
A ball python comes into view.
The ball python hisses angrily.
You block the ball python's attack.
You hit the ball python.
You kill the ball python!
Cheibriados thoroughly appreciates the change of pace.
No target in view!
No target in view!
You see here a ball python corpse.
You see here a +0 leather armour.
You see here a hound skeleton.
You open the door.
There is an open door here.
As you open the door, it creaks loudly!
There is an open door here.
You open the door.
Found Qizim's Armour Boutique.
There is an open door here.
There is an entrance to Qizim's Armour Boutique here.
You can access your shopping list by pressing '$'.
As you open the door, it creaks loudly!
You open the door. You open the door.
There is an open door here.
You open the door.
There is an open door here.
You open the door.
There is an open door here.
You open the door.
An orc comes into view. It is wielding a +0 dagger.
There is an open door here.
You reach to attack!
You hit the orc but do no damage. You hit the orc.
The orc is heavily wounded.
The orc hits you with a +0 dagger.
You barely miss the orc.
The orc is heavily wounded.
The orc hits you with a +0 dagger.
You hit the orc.
You kill the orc!
Cheibriados thoroughly appreciates the change of pace.
No target in view!
No target in view!
No target in view!
Things that are here:
a +0 dagger; a +0 ring mail
Found a stone staircase leading up.
Things that are here:
a +0 dagger; a +0 ring mail
There is an open door here.
Done exploring.
Done exploring.
Search for what [Enter for "d:", or ? for help]? d:
There is a stone staircase leading down here.
You climb downwards.
Found a long sword.
There is a stone staircase leading up here.
You open the door.
Found a club.
There is an open door here.
n - 3 scrolls of teleportation (gained 1)
z - a black potion You open the door.
You see here a +0 club.
y - a scroll of identify An orc priest comes into view.
It is wielding a +0 whip.
Found 11 gold pieces.
As you read the scroll of identify, it crumbles to dust.
r - a scroll of magic mapping Throw: 4 darts (poison)
Press: ? - help, Q - select action, (/) - cycle Shift-Dir - straight line, f - orc priest
Aim: an orc priest, wielding a +0 whip and wearing a +0 ring mail (asleep, 98% to hit)
You throw a poisoned dart. The poisoned dart hits the orc priest.
The orc priest is poisoned.
The orc priest shouts!
You hear a shout!
Aiming: Spit Poison (1% risk of failure)
Press: ? - help, Shift-Dir - straight line, f - you, p - orc priest
Okay, then.
Throw: 3 darts (poison)
Press: ? - help, Q - select action, (/) - cycle Shift-Dir - straight line, f/p - orc priest
Aim: an orc priest, wielding a +0 whip and wearing a +0 ring mail (poisoned, 64% to hit)
You throw a poisoned dart. The poisoned dart hits the orc priest.
The orc priest looks even sicker.
Aiming: Spit Poison (1% risk of failure)
Press: ? - help, Shift-Dir - straight line, f/p - orc priest
Aim: an orc priest, wielding a +0 whip and wearing a +0 ring mail (lightly wounded, very poisoned, 65% to hit)
The splash of poison hits the orc priest!
The orc priest looks even sicker.
The orc priest is severely wounded.
Throw: 2 darts (poison)
Press: ? - help, Q - select action, (/) - cycle Shift-Dir - straight line, f/p - orc priest
Aim: an orc priest, wielding a +0 whip and wearing a +0 ring mail (severely wounded, very poisoned, 64% to hit)
You throw a poisoned dart.
The poisoned dart barely misses the orc priest.
Throw: dart (poison)
Press: ? - help, Q - select action, (/) - cycle Shift-Dir - straight line, f/p - orc priest
Aim: an orc priest, wielding a +0 whip and wearing a +0 ring mail (almost dead, very poisoned, 64% to hit)
You throw a poisoned dart. The poisoned dart hits the orc priest.
The orc priest looks as sick as possible!
The orc priest is almost dead.
You kill the orc priest!
Cheibriados thoroughly appreciates the change of pace.
Unknown command.
You have got your breath back.
You start waiting.
Done waiting.
Found a stone staircase leading down.
u - a poisoned dart
Things that are here:
a +0 whip; a +0 ring mail
u - 2 poisoned darts (gained 1)
u - 4 poisoned darts (gained 2)
You now have 186 gold pieces (gained 11).
An orc priest comes into view. It is wielding a +0 flail.
The orc priest shouts!
You hear a shout!
An orc comes into view. It is wielding a +0 flail.
The orc priest begins to cast a cantrip, but forgets the words!
An orc wizard comes into view. It is wielding a +0 dagger.
The orc moves out of view.
Aiming: Spit Poison (1% risk of failure)
Press: ? - help, Shift-Dir - straight line, f - orc priest
Aim: an orc priest, wielding a +0 flail and wearing a +0 leather armour (59% to hit)
The splash of poison hits the orc priest!
The orc priest is poisoned.
The orc priest is severely wounded.
You reach to attack!
You hit the orc priest.
The orc priest is almost dead.
You kill the orc priest!
Cheibriados thoroughly appreciates the change of pace.
Your Stealth skill increases to level 4!
You have reached level 6!
Your skin feels tougher.
An orc comes into view. It is wielding a +0 dagger.
You have got your breath back.
You start waiting.
Done waiting.
Found a long sword.
A quokka comes into view.
Found a radiant altar of Vehumet.
Aiming: Spit Poison (1% risk of failure)
Press: ? - help, Shift-Dir - straight line, f - quokka
Aim: a quokka (asleep, 100% to hit)
The splash of poison hits the quokka.
The quokka is almost dead.
Unknown command.
You reach to attack!
You hit the quokka but do no damage.
The quokka is almost dead.
You hit the quokka but do no damage.
The quokka is almost dead.
You block the quokka's attack.
The quokka bites you but does no damage.
You hit the quokka but do no damage.
The quokka is almost dead.
The quokka bites you.
You barely miss the quokka.
The quokka is almost dead.
You block the quokka's attack.
You miss the quokka.
The quokka is almost dead.
You have got your breath back.
The quokka bites you but does no damage.
You closely miss the quokka.
The quokka is almost dead.
The quokka closely misses you.
You barely miss the quokka.
The quokka is severely wounded.
The quokka bites you but does no damage.
You hit the quokka.
You kill the quokka!
Cheibriados thoroughly appreciates the change of pace.
A jelly comes into view.
Found 6 stones.
An adder comes into view.
You see here a scroll of identify.
y - a scroll of identify
Aiming: Spit Poison (1% risk of failure)
Press: ? - help, Shift-Dir - straight line, f - adder
Aim: an adder (wandering, hasn't noticed you, 37% to hit)
The splash of poison misses the adder.
A sleepcap comes into view.
Unknown command.
You have got your breath back.
Throw: 4 darts (poison)
Press: ? - help, Q - select action, (/) - cycle Shift-Dir - straight line, f/p - adder
Aim: an adder (wandering, hasn't noticed you, 42% to hit)
You throw a poisoned dart. The poisoned dart misses the adder.
The adder hisses angrily.
Unknown command.
A hound comes into view.
Aiming: Spit Poison (1% risk of failure)
Press: ? - help, Shift-Dir - straight line, f/p - adder
Aim: an adder (37% to hit)
The splash of poison hits the adder.
The adder is poisoned.
The adder is heavily wounded.
The hound barks!
Unknown command.
You reach to attack!
You hit the adder but do no damage.
The adder is severely wounded.
You hit the adder.
The adder is almost dead.
You kill the adder!
Cheibriados thoroughly appreciates the change of pace.
Throw: 3 darts (poison)
Press: ? - help, Q - select action, (/) - cycle Shift-Dir - straight line, f - sleepcap
Aim: a sleepcap (98% to hit)
You throw a poisoned dart. The poisoned dart hits the hound.
The hound is poisoned.
Unknown command.
You hit the hound.
The hound is lightly wounded.
You have got your breath back.
The hound barely misses you.
Aiming: Spit Poison (1% risk of failure)
Press: ? - help, Shift-Dir - straight line, f/p - sleepcap
Aim: a sleepcap (100% to hit)
The splash of poison hits the hound!
The hound looks even sicker.
The hound is severely wounded.
The hound completely misses you. You block the hound's attack.
Unknown command.
The orc shouts!
You hit the hound but do no damage.
The hound is severely wounded.
The hound bites you.
You hit the hound but do no damage.
The hound is severely wounded.
You block the hound's attack.
You closely miss the hound.
The hound is severely wounded.
You have got your breath back.
The hound bites you. The hound barely misses you.
You hit the hound but do no damage.
The hound is severely wounded.
The hound bites you.
You closely miss the hound.
The hound is almost dead.
The hound closely misses you. You block the hound's attack.
You closely miss the hound.
The hound is almost dead.
The hound bites you but does no damage.
You hit the hound.
You kill the hound!
Cheibriados thoroughly appreciates the change of pace.
You can now bend time to slow others.
Cheibriados raises the support of your attributes as your movement slows.
You hit the sleepcap.
The sleepcap is lightly damaged.
You hit the sleepcap but do no damage.
The sleepcap is lightly damaged.
The sleepcap releases spores at you.
You completely miss the sleepcap.
The sleepcap is lightly damaged.
You block the sleepcap's attack.
You hit the sleepcap.
The sleepcap is lightly damaged.
The sleepcap barely misses you.
You hit the sleepcap but do no damage.
The sleepcap is lightly damaged.
The sleepcap releases spores at you.
You hit the sleepcap but do no damage.
The sleepcap is lightly damaged.
The sleepcap releases spores at you.
You hit the sleepcap but do no damage.
The sleepcap is lightly damaged.
The sleepcap releases spores at you!
Aiming: Spit Poison (1% risk of failure)
Press: ? - help, Shift-Dir - straight line, f/p - sleepcap
Aim: a sleepcap (lightly damaged, 100% to hit)
The splash of poison hits the sleepcap but does no damage.
The sleepcap is lightly damaged.
The sleepcap releases spores at you but does no damage.
Unknown command.
You hit the sleepcap.
The sleepcap is lightly damaged.
You block the sleepcap's attack.
You hit the sleepcap.
The sleepcap is moderately damaged.
You block the sleepcap's attack.
You hit the sleepcap.
The sleepcap is moderately damaged.
You have got your breath back.
The sleepcap releases spores at you.
You are engulfed in a cloud of soporific spores!
You fall asleep.
The sleepcap releases spores at you!
You wake up.
You hit the sleepcap but do no damage.
The sleepcap is moderately damaged.
The sleepcap releases spores at you.
Really quaff the potion of lignification?
You turn into a tree.
Your +0 helmet melds into your body.
Your +0 leather armour melds into your body.
Your roots penetrate the ground.
The sleepcap releases spores at you but does no damage.
Unknown command.
You are now empty-handed.
You hit the sleepcap.
The sleepcap is moderately damaged.
The sleepcap releases spores at you but does no damage.
You hit the sleepcap but do no damage.
The sleepcap is moderately damaged.
You block the sleepcap's attack.
You hit the sleepcap but do no damage.
The sleepcap is moderately damaged.
The sleepcap releases spores at you but does no damage.
You smack the sleepcap!
The sleepcap is severely damaged.
The sleepcap releases spores at you but does no damage.
You smack the sleepcap!
The sleepcap is almost destroyed.
The sleepcap releases spores at you.
You smack the sleepcap!
You destroy the sleepcap!
Cheibriados appreciates the change of pace.
Your Invocations skill increases to level 2!
You barely miss the orc. The orc hits you but does no damage.
You smack the orc!
You kill the orc!
Cheibriados appreciates the change of pace.
You start resting.
Your transformation is almost over.
You start resting.
You feel less wooden.
Your +0 helmet unmelds from your body.
Your +0 leather armour unmelds from your body.
Unknown command.
a - a +0 spear (weapon)
You start resting.
HP restored.
A - 2 boomerangs You now have 201 gold pieces (gained 15).
Items here: ) †††.
u - 3 poisoned darts (gained 1)
A black bear comes into view.
u - 4 poisoned darts (gained 1)
Found 14 gold pieces.
You now have 215 gold pieces (gained 14).
Found an escape hatch in the floor.
Found a stone staircase leading down.
There is a stone staircase leading down here.
A water moccasin comes into view.
Press: ? - help, v - describe, . - travel, g - get item Item here: a fading staff.
The floor.
Unknown command.
Okay, then.
Found a stone staircase leading up.
An adder comes into view.
You start waiting.
An adder is nearby!
Throw: 4 darts (poison)
Press: ? - help, Q - select action, (/) - cycle Shift-Dir - straight line, f - adder
Aim: an adder (wandering, hasn't noticed you, 44% to hit)
You throw a poisoned dart. The poisoned dart hits the adder.
The adder is poisoned.
The adder hisses angrily.
You reach to attack!
You miss the adder.
The adder is moderately wounded.
You barely miss the adder.
The adder is heavily wounded.
The adder bites you.
You are poisoned.
The adder poisons you!
You closely miss the adder.
The adder is heavily wounded.
You feel sick. The adder bites you.
You closely miss the adder.
The adder is heavily wounded.
You feel sick. You block the adder's attack.
You miss the adder.
The adder is heavily wounded.
The adder looks more healthy.
The adder closely misses you.
You closely miss the adder.
The adder is heavily wounded.
You feel sick. The adder bites you. The adder bites you but does no damage.
You hit the adder.
The adder is severely wounded.
You feel sick.
You are no longer poisoned.
The adder barely misses you.
You hit the adder.
You kill the adder!
Cheibriados appreciates the change of pace.
No target in view!
You start resting.
HP restored.
You see here an adder corpse.
u - 4 poisoned darts (gained 1)
You see here the staff of fire "Jishas" {Contam rF+ rC++ rCorr Dex+3}.
B - the staff of fire "Jishas" {Contam rF+ rC++ rCorr Dex+3} An iguana comes into view.
A dart slug comes into view.
Aiming: Spit Poison (1% risk of failure)
Press: ? - help, Shift-Dir - straight line, f - iguana
Aim: an iguana (65% to hit)
The splash of poison misses the iguana.
The iguana bites you but does no damage.
Unknown command.
You hit the iguana but do no damage. The iguana closely misses you.
You hit the iguana.
The iguana is lightly wounded.
You block the iguana's attack.
You hit the iguana.
The iguana is moderately wounded.
The iguana closely misses you.
You hit the iguana but do no damage.
The iguana is moderately wounded.
The iguana bites you!
You barely miss the iguana.
The iguana is moderately wounded.
You puncture the iguana!
The iguana is severely wounded.
You have got your breath back.
The iguana closely misses you.
You hit the iguana.
The iguana is severely wounded.
The iguana bites you.
You hit the iguana but do no damage.
The iguana is severely wounded.
The iguana bites you but does no damage.
You hit the iguana.
The iguana is almost dead.
The iguana bites you!
You hit the iguana.
The iguana is almost dead.
The iguana bites you.
Aiming: Spit Poison (1% risk of failure)
Press: ? - help, Shift-Dir - straight line, f - dart slug, p - iguana
Aim: a dart slug (100% to hit)
The splash of poison misses the iguana.
The splash of poison hits the dart slug.
The dart slug is poisoned.
The dart slug is lightly wounded.
The iguana misses you.
You hit the iguana but do no damage.
The iguana is almost dead.
The iguana bites you!
* * * LOW HITPOINT WARNING * * *
You barely miss the iguana.
The iguana is almost dead.
The iguana bites you.
* * * LOW HITPOINT WARNING * * *
You hit the iguana but do no damage.
The iguana is almost dead.
You have got your breath back.
You kill the dart slug!
Cheibriados appreciates the change of pace.
The iguana bites you!
* * * LOW HITPOINT WARNING * * *
You hit the iguana.
The iguana is almost dead.
The iguana bites you.
* * * LOW HITPOINT WARNING * * *
Unknown command.
You hit the iguana but do no damage.
The iguana is almost dead.
The iguana bites you but does no damage.
Okay, then.
You hit the iguana.
You kill the iguana!
Cheibriados appreciates the change of pace.
You start resting.
An orc wizard is nearby!
You see here a dart slug corpse.
An ufetubus comes into view.
The ufetubus shouts!
You hear an angry hiss.
Aiming: Spit Poison (1% risk of failure)
Press: ? - help, Shift-Dir - straight line, f - ufetubus
Aim: an ufetubus (37% to hit)
The splash of poison hits the ufetubus.
The ufetubus is poisoned.
The ufetubus is moderately wounded.
An adder comes into view.
Unknown command.
Throw: 4 darts (poison)
Press: ? - help, Q - select action, (/) - cycle Shift-Dir - straight line, f - adder, p - ufetubus
Aim: an adder (44% to hit)
You throw a poisoned dart.
The poisoned dart barely misses the ufetubus.
The poisoned dart misses the adder.
You barely miss the ufetubus.
The ufetubus is heavily wounded.
The ufetubus hits you.
* * * LOW HITPOINT WARNING * * *
The ufetubus completely misses you.
You miss the ufetubus.
The ufetubus is severely wounded.
You have got your breath back.
You kill the ufetubus!
Cheibriados thoroughly appreciates the change of pace.
Throw: 3 darts (poison)
Press: ? - help, Q - select action, (/) - cycle Shift-Dir - straight line, f/p - adder
Aim: an adder (44% to hit)
You throw a poisoned dart.
The poisoned dart barely misses the adder.
Aiming: Spit Poison (1% risk of failure)
Press: ? - help, Shift-Dir - straight line, f/p - adder
Aim: an adder (37% to hit)
The splash of poison misses the adder.
Unknown command.
You hit the adder but do no damage. The adder bites you.
* * * LOW HITPOINT WARNING * * *
You hit the adder.
The adder is heavily wounded.
The adder barely misses you.
You hit the adder.
The adder is almost dead.
The adder bites you.
* * * LOW HITPOINT WARNING * * *
You hit the adder but do no damage.
The adder is almost dead.
You have got your breath back.
The adder bites you.
* * * LOW HITPOINT WARNING * * *
The adder closely misses you.
You hit the adder.
You kill the adder!
Cheibriados thoroughly appreciates the change of pace.
You open the door.
There is an open door here.
You close the door.
You start resting.
HP restored.
u - 3 poisoned darts (gained 1) Unknown command.
Search for what [Enter for "d:", or ? for help]? brand Search for what [Enter for "brand", or ? for help]? trident Can't find anything matching that.
Unknown command.
The water moccasin bites you but does no damage.
Press: ? - help, v - describe, . - travel
Here: a water moccasin The floor.
Okay, then.
Unknown command.
Really quaff the potion of lignification?
You turn into a tree.
Your +0 helmet melds into your body.
Your +0 leather armour melds into your body.
Your roots penetrate the ground.
You block the water moccasin's attack.
The water moccasin bites you but does no damage.
You are now empty-handed.
You closely miss the water moccasin. You block the water moccasin's attack.
The water moccasin bites you but does no damage.
You completely miss the water moccasin. You block the water moccasin's attack.
You smack the water moccasin!
The water moccasin is moderately wounded.
The water moccasin bites you.
The water moccasin bites you but does no damage.
You smack the water moccasin!
The water moccasin is heavily wounded.
The water moccasin bites you but does no damage.
You smack the water moccasin!
The water moccasin is almost dead.
The water moccasin bites you but does no damage. x2
You smack the water moccasin!
You kill the water moccasin!
Cheibriados thoroughly appreciates the change of pace.
Cheibriados raises the support of your attributes as your movement slows.
Training target 5.0 for Stealth reached!
Your Polearms skill increases to level 5!
Your Stealth skill increases to level 5!
You have reached level 7!
You start resting.
Your transformation is almost over.
You start resting.
HP restored.
You feel less wooden.
Your +0 helmet unmelds from your body.
Your +0 leather armour unmelds from your body.
a - a +0 spear (weapon)
There is an open door here.
Aiming: Spit Poison (1% risk of failure)
Press: ? - help, Shift-Dir - straight line, f - jelly
Aim: a jelly (asleep, 100% to hit)
The splash of poison hits the jelly.
The jelly completely resists.
The jelly quivers.
Unknown command.
You reach to attack!
You hit the jelly.
The jelly is moderately wounded.
You have got your breath back.
The teleport trap disappears.
The jelly disappears!
You open the door.
There is an open door here.
You now have 229 gold pieces (gained 14).
Aiming: Spit Poison (1% risk of failure)
Press: ? - help, Shift-Dir - straight line, f/p - jelly
Aim: a jelly (wandering, hasn't noticed you, 100% to hit)
The splash of poison hits the jelly.
The jelly is poisoned.
The jelly is lightly wounded.
The jelly quivers.
Unknown command.
Throw: 3 darts (poison)
Press: ? - help, Q - select action, (/) - cycle Shift-Dir - straight line, f/p - jelly
Aim: a jelly (lightly wounded, poisoned, 90% to hit)
You throw a poisoned dart. The poisoned dart hits the jelly.
The jelly looks even sicker.
The jelly is lightly wounded.
You hit the jelly.
Your hands burn!
The jelly is lightly wounded.
The jelly hits you.
You are splashed with acid!
You hit the jelly.
Your hands burn!
The jelly is heavily wounded.
You have got your breath back.
The jelly hits you but does no damage.
You hit the jelly.
You kill the jelly!
Cheibriados appreciates the change of pace.
No target in view!
You start resting.
A wight is nearby!
An orc comes into view. It is wielding a +0 dagger.
The orc moves out of view.
You start resting.
An orc wizard is nearby!
Throw: 2 darts (poison)
Press: ? - help, Q - select action, (/) - cycle Shift-Dir - straight line, f - orc wizard
Aim: an orc wizard, wielding a +0 dagger and wearing a +0 robe (wandering, hasn't noticed you, 55% to hit)
You throw a poisoned dart. The poisoned dart hits the orc wizard.
The orc wizard is poisoned.
The orc wizard shouts!
Aiming: Spit Poison (1% risk of failure)
Press: ? - help, Shift-Dir - straight line, f/p - orc wizard
Aim: an orc wizard, wielding a +0 dagger and wearing a +0 robe (lightly wounded, poisoned, 50% to hit)
The splash of poison hits the orc wizard but does no damage.
The orc wizard looks even sicker.
The orc wizard is lightly wounded.
Throw: dart (poison)
Press: ? - help, Q - select action, (/) - cycle Shift-Dir - straight line, f/p - orc wizard
Aim: an orc wizard, wielding a +0 dagger and wearing a +0 robe (moderately wounded, very poisoned, 55% to hit)
You throw a poisoned dart. The poisoned dart hits the orc wizard.
The orc wizard looks even sicker.
The orc wizard is moderately wounded.
You reach to attack!
You hit the orc wizard.
The orc wizard is severely wounded.
The orc shouts!
You hit the orc wizard.
You kill the orc wizard!
Cheibriados thoroughly appreciates the change of pace.
You have got your breath back.
Items here: $ ) [ †.
You reach to attack!
You hit the orc.
The orc is lightly wounded.
You hit the orc but do no damage.
The orc is lightly wounded.
You block the orc's attack.
You hit the orc but do no damage.
The orc is lightly wounded.
The orc hits you but does no damage.
You hit the orc.
The orc is moderately wounded.
The orc hits you with a +0 dagger.
You puncture the orc!
You kill the orc!
Cheibriados appreciates the change of pace.
No target in view!
No target in view!
Things that are here:
a +0 dagger; an orc corpse
u - a poisoned dart You catch the helpless orc completely off-guard!
You hit the orc but do no damage. You hit the orc.
The orc is severely wounded.
The orc closely misses you.
You hit the orc but do no damage.
The orc is severely wounded.
The orc closely misses you.
You hit the orc.
You kill the orc!
Cheibriados appreciates the change of pace.
You now have 244 gold pieces (gained 15).
Things that are here:
a +0 flail; a +0 robe; an orc corpse
u - 2 poisoned darts (gained 1)
u - 3 poisoned darts (gained 1)
There is an escape hatch in the floor here.
Found a knobbly cabochon ring.
j - a ring of flight You fly up into the air.
j - a ring of flight (right hand)
Found an escape hatch in the ceiling.
There is an escape hatch in the ceiling here.
Really fly into that dispersal trap?
You enter a dispersal trap!
You blink.
Really fly into that dispersal trap?
You enter a dispersal trap!
You blink.
Really fly into that dispersal trap?
You enter a dispersal trap!
You blink.
Okay, then.
Blork the orc comes into view.
He is wielding a +0 glaive and carrying a wand of digging (8).
Press: ? - help, v - describe, . - travel
Here: Blork the orc, wielding a +0 glaive, wearing a +0 robe and carrying a wand of digging (8) (asleep)
The floor.
As you read the scroll of identify, it crumbles to dust.
s - a scroll of vulnerability Really fly into that dispersal trap?
You enter a dispersal trap!
You blink.
Really fly into that dispersal trap?
You enter a dispersal trap!
You blink.
Really fly into that dispersal trap?
You enter a dispersal trap!
You blink.
Really fly into that dispersal trap?
You enter a dispersal trap!
You blink.
Really fly into that dispersal trap?
You enter a dispersal trap!
You blink.
There is an escape hatch in the ceiling here.
A phantom comes into view.
Found a stone staircase leading up.
There is a stone staircase leading up here.
Found a stone staircase leading down.
Found a mace.
There is a stone staircase leading down here.
Unknown command.
Throw: 3 darts (poison)
Press: ? - help, Q - select action, (/) - cycle Shift-Dir - straight line, f - black bear
Aim: a black bear (asleep, 98% to hit)
You throw a poisoned dart. The poisoned dart hits the black bear.
The black bear is poisoned.
The black bear growls angrily.
Aiming: Spit Poison (1% risk of failure)
Press: ? - help, Shift-Dir - straight line, f/p - black bear
Aim: a black bear (poisoned, 70% to hit)
The splash of poison hits the black bear.
The black bear looks even sicker.
The black bear is lightly wounded.
Throw: 2 darts (poison)
Press: ? - help, Q - select action, (/) - cycle Shift-Dir - straight line, f/p - black bear
Aim: a black bear (lightly wounded, very poisoned, 69% to hit)
You throw a poisoned dart. The poisoned dart hits the black bear.
The black bear looks even sicker.
The black bear is lightly wounded.
Throw: dart (poison)
Press: ? - help, Q - select action, (/) - cycle Shift-Dir - straight line, f/p - black bear
Aim: a black bear (lightly wounded, very poisoned, 69% to hit)
You throw a poisoned dart. The poisoned dart hits the black bear.
The black bear is lightly wounded.
You have got your breath back.
You hit the black bear.
The black bear is lightly wounded.
You hit the black bear.
The black bear is moderately wounded.
The black bear bites you! You block the black bear's attack.
The black bear claws you.
You barely miss the black bear.
The black bear is moderately wounded.
The black bear bites you. You block the black bear's attack.
The black bear claws you but does no damage.
You hit the black bear.
The black bear is heavily wounded.
The black bear barely misses you. The black bear claws you.
The black bear claws you but does no damage.
You hit the black bear.
The black bear is almost dead.
The black bear goes berserk!
You hit the black bear.
The black bear is almost dead.
The black bear bites you! The black bear claws you. x2
You hit the black bear.
You kill the black bear!
Cheibriados thoroughly appreciates the change of pace.
Your Fighting skill increases to level 4!
Your Invocations skill increases to level 3!
You start resting.
HP restored.
You see here a black bear corpse.
u - a poisoned dart
u - 2 poisoned darts (gained 1)
You see here a black bear corpse.
Found a long glass wand.
y - a wand of polymorph (10)
There is an open door here.
There is a stone staircase leading up here.
An iguana comes into view.
An iguana comes into view.
An orc comes into view. It is wielding a +0 falchion.
There is an open door here.
Aiming: Spit Poison (1% risk of failure)
Press: ? - help, Shift-Dir - straight line, f - orc
Aim: an orc, wielding a +0 falchion (asleep, 100% to hit)
The splash of poison hits the orc.
The orc is almost dead.
The orc shouts!
The iguana hisses angrily.
Unknown command.
You have got your breath back.
You hit the orc.
You kill the orc!
Cheibriados thoroughly appreciates the change of pace.
Aiming: Spit Poison (1% risk of failure)
Press: ? - help, Shift-Dir - straight line, f - iguana
Aim: an iguana (65% to hit)
The splash of poison misses the iguana.
The iguana bites you but does no damage.
Unknown command.
You hit the iguana.
The iguana is lightly wounded.
The iguana bites you but does no damage.
You closely miss the iguana.
The iguana is lightly wounded.
The iguana closely misses you.
You hit the iguana but do no damage.
The iguana is lightly wounded.
The iguana bites you.
You barely miss the iguana.
The iguana is lightly wounded.
You closely miss the iguana.
The iguana is lightly wounded.
The iguana barely misses you.
You closely miss the iguana.
The iguana is lightly wounded.
You block the iguana's attack.
You hit the iguana.
The iguana is moderately wounded.
You have got your breath back.
The iguana hisses menacingly.
The iguana bites you!
You hit the iguana but do no damage.
The iguana is moderately wounded.
You block the iguana's attack.
You hit the iguana but do no damage.
The iguana is moderately wounded.
The iguana bites you.
You hit the iguana but do no damage.
The iguana is moderately wounded.
A hound comes into view.
The iguana bites you.
The hound barks!
You hit the iguana but do no damage.
The iguana is moderately wounded.
You hear an angry hiss.
You block the iguana's attack.
You hit the iguana.
The iguana is moderately wounded.
The hound bites you. The iguana bites you!
You hit the iguana.
The iguana is heavily wounded.
The hound barely misses you. You block the iguana's attack.
As you read the scroll of teleportation, it crumbles to dust.
You feel strangely unstable.
The hound bites you but does no damage. x2
The iguana hisses menacingly.
You hit the iguana.
The iguana is severely wounded.
The hound barely misses you.
You hit the iguana.
The iguana is almost dead.
The hound bites you. The iguana bites you!
You hit the iguana.
The iguana is almost dead.
The hound barely misses you.
A hound comes into view.
The iguana completely misses you.
The iguana bites you but does no damage.
The hound bites you.
* * * LOW HITPOINT WARNING * * *
The hound barks!
You hit the iguana but do no damage.
The iguana is almost dead.
Your surroundings suddenly seem different.
You start resting.
HP restored.
Things that are here:
a +0 whip; a +0 ring mail
Things that are here:
a +0 flail; a +0 leather armour A quokka comes into view.
The quokka barely misses you.
You hit the quokka.
The quokka is moderately wounded.
The quokka bites you but does no damage.
You hit the quokka.
The quokka is almost dead.
The quokka bites you.
You hit the quokka.
You kill the quokka!
Cheibriados appreciates the change of pace.
You start resting.
HP restored.
You see here a quokka corpse.
The iguana hisses angrily.
The iguana bites you! You block the iguana's attack.
The iguana attacks as you move away! You block the iguana's attack.
The iguana closely misses you. The iguana bites you.
You hit the iguana.
The iguana is moderately wounded.
The iguana bites you!
Aiming: Spit Poison (1% risk of failure)
Press: ? - help, Shift-Dir - straight line, f/p - iguana
Aim: an iguana (moderately wounded, 65% to hit)
The splash of poison misses the iguana.
The iguana bites you but does no damage.
Unknown command.
You barely miss the iguana.
The iguana is moderately wounded.
The iguana bites you.
You hit the iguana.
The iguana is heavily wounded.
The iguana closely misses you.
You completely miss the iguana.
The iguana is heavily wounded.
The iguana bites you.
You barely miss the iguana.
The iguana is heavily wounded.
The iguana bites you.
You closely miss the iguana.
The iguana is heavily wounded.
You barely miss the iguana.
The iguana is heavily wounded.
You have got your breath back.
The iguana closely misses you.
You barely miss the iguana.
The iguana is heavily wounded.
The iguana bites you!
You barely miss the iguana.
The iguana is heavily wounded.
The iguana bites you.
You hit the iguana but do no damage.
The iguana is heavily wounded.
The iguana closely misses you.
You hit the iguana but do no damage.
The iguana is heavily wounded.
The iguana bites you.
* * * LOW HITPOINT WARNING * * *
It was a potion of attraction.
You feel attractive to monsters. The iguana bites you.
* * * LOW HITPOINT WARNING * * *
It was a potion of brilliance.
You feel clever all of a sudden. The iguana bites you.
* * * LOW HITPOINT WARNING * * *
It was a potion of degeneration.
There was something very wrong with that liquid.
You feel weakened.
You feel dopey.
You feel clumsy. The iguana bites you!
You die...

Skill      XL: |  1  2  3  4  5  6  7 |
---------------+----------------------+-----
Stealth        | 1 2 3 4 5 |  5.0
Polearms       | 3 4 5 |  5.5
Fighting       | 3 4 |  4.1
Invocations    | 1 2 3 |  3.0
Throwing       | |  0.8
Armour         | |  0.7
Dodging        | |  1.5
Spellcasting   | |  2.0
Translocations | |  3.0

Action                     |  1- 3 |  4- 6 |  7- 9 || total
---------------------------+-------+-------+-------++-------
  Melee: Spear             |    76 |   136 |    54 ||   266
         Unarmed           |       |    35 |       ||    35
  Throw: Dart              |       |    12 |     6 ||    18
Ability: Spit Poison       |    10 |    18 |     7 ||    35
    Use: Scroll            |       |     6 |     2 ||     8
         Potion            |       |     5 |     3 ||     8
   Stab: Sleeping          |     1 |     4 |       ||     5
         Distracted        |       |       |     1 ||     1
 Armour: Leather armour    |    10 |    19 |    11 ||    40
         Skin              |       |    28 |       ||    28
  Dodge: Dodged            |    15 |    42 |    14 ||    71
  Block: Buckler           |     3 |    35 |     9 ||    47

Levels and vault maps discovered:
D:1:      eino_arrival_water_star, layout_rooms, hangedman_feature_mirror
D:2:      minmay_alternating_diamond, layout_basic, basic_altar,
          ebering_ecumenical_altar_sacrificial
D:3:      layout_loops_corners, nicolae_overflow_crystal_walls,
          serial_co_window_serial, co_window_paths_a, co_window_paths_a,
          co_window_corner_a, co_window_paths_a, co_window_of_opportunity_a,
          co_window_corner_a, co_window_paths_a, co_window_corner_cb,
          co_window_unsneaky_path_b, co_window_unsneaky_path_a,
          co_window_2corner, co_window_sun, glass_columns_a, glass_columns_c,
          glass_columns_b, glass_columns_a, uniq_jessica, uniq_robin
D:4:      layout_basic, serial_shops, nicolae_shop_real_fake_doors
D:5:      minmay_clustersquares, layout_basic, lemuel_tele_altar,
          uniq_blork_the_orc

Notes
Turn   | Place    | Note
-------+----------+-------------------------------------------
     0 | D:1      | scionoferis the Naga Warper began the quest for the Orb.
     0 | D:1      | Reached XP level 1. HP: 19/19 MP: 3/3
   195 | D:1      | Reached skill level 1 in Stealth
   246 | D:1      | Reached XP level 2. HP: 26/26 MP: 5/5
   493 | D:2      | Found a faded altar of an unknown god.
   749 | D:2      | Reached XP level 3. HP: 33/33 MP: 6/6
   888 | D:2      | Found a bloodstained altar of Trog.
  1145 | D:2      | Reached skill level 2 in Stealth
  1331 | D:3      | Noticed Jessica
  1339 | D:3      | Reached skill level 3 in Polearms
  1345 | D:3      | Killed Jessica
  1346 | D:3      | Reached XP level 4. HP: 13/40 MP: 7/7
  1567 | D:3      | Noticed Robin
  1985 | D:3      | Found a snail-covered altar of Cheibriados.
  2002 | D:3      | Became a worshipper of Cheibriados the Contemplative
  2065 | D:3      | Reached skill level 3 in Stealth
  2419 | D:3      | Killed Robin
  2424 | D:3      | Reached skill level 3 in Fighting
  2424 | D:3      | Reached XP level 5. HP: 41/49 MP: 8/8
  2692 | D:4      | Learned a level 2 spell: Blink
  2766 | D:4      | Reached skill level 4 in Polearms
  2766 | D:4      | Reached skill level 1 in Invocations
  3100 | D:4      | Found Qizim's Armour Boutique.
  3270 | D:5      | Entered Level 5 of the Dungeon
  3500 | D:5      | Reached skill level 4 in Stealth
  3500 | D:5      | Reached XP level 6. HP: 56/56 MP: 9/9
  3640 | D:5      | Found a radiant altar of Vehumet.
  3676 | D:5      | Reached * piety under Cheibriados
  3698 | D:5      | Reached skill level 2 in Invocations
  3833 | D:5      | Noticed a black bear
  3874 | D:5      | Noticed a water moccasin
  3961 | D:5      | Identified the staff of fire "Jishas" {Contam rF+ rC++
                  | rCorr Dex+3}
  3985 | D:5      | HP: 3/56 [iguana (4)]
  4026 | D:5      | HP: 5/56 [adder (2)]
  4237 | D:5      | Killed a water moccasin
  4238 | D:5      | Reached skill level 5 in Polearms
  4238 | D:5      | Reached skill level 5 in Stealth
  4238 | D:5      | Reached XP level 7. HP: 63/63 MP: 10/10
  4502 | D:5      | Noticed Blork the orc
  4627 | D:5      | Reached skill level 4 in Fighting
  4627 | D:5      | Reached skill level 3 in Invocations
  5138 | D:5      | HP: 6/64 [iguana (5)]
  5139 | D:5      | Slain by an iguana

Vanquished Creatures
  A water moccasin (D:5)
  A black bear (D:5)
  2 hounds (D:4 D:5)
  2 jellies (D:4 D:5)
  A sleepcap (D:5)
  2 orc priests (D:5)
  Jessica (D:3)
  An iguana (D:5)
  An orc wizard (D:5)
  Robin (D:3)
  6 adders (D:3 D:4 D:5)
  An ufetubus (D:5)
  2 worms (D:2)
  2 dart slugs (D:3 D:5)
  5 orcs (D:4 D:5)
  4 endoplasms (D:1 D:3)
  A giant cockroach (D:1)
  5 hobgoblins (D:1 D:2 D:3)
  4 kobolds (D:1 D:2 D:3)
  3 quokkas (D:3 D:5)
  5 ball pythons (D:1 D:3 D:4)
  6 bats (D:1 D:2 D:3)
  5 frilled lizards (D:1 D:2 D:3)
  13 goblins (D:2 D:3 D:4)
  5 rats (D:1 D:2)
80 creatures vanquished.

Table legend: (Time is in decaauts)
 A = Elapsed time spent in this place.
 B = Non-inter-level travel time spent in this place.
 C = Inter-level travel time spent in this place.
 D = Time resting spent in this place.
 E = Time spent auto-exploring this place.
 F = Levels seen in this place.
 G = Mean time per level.
                   A        B        C        D        E       F      G
               +--------+--------+--------+--------+--------+-----+--------+
         Total |   7012 |   6595 |    417 |   1514 |   3386 |   5 | 1402.4 |
       Dungeon |   7012 |   6595 |    417 |   1514 |   3386 |   5 | 1402.4 |
               +--------+--------+--------+--------+--------+-----+--------+

Top non-repeatable levels by time:
     D:5: 2544 daAuts
     D:3: 1773 daAuts
     D:2: 1033 daAuts
     D:4: 1028 daAuts
     D:1: 632 daAuts

Table legend:
 A = Non-vault XP
 B = Vault XP
 C = Vault XP percentage of total XP
 D = Non-vault monster count
 E = Vault monster count
 F = Vault count percentage of total count
                 A         B        C        D         E       F
            +---------+---------+-------+---------+---------+-------
      Total |     815 |      89 |   9.8 |      59 |      21 |  26.2
            +---------+---------+-------+---------+---------+-------
        D:1 |      14 |       4 |  22.2 |       9 |       2 |  18.2
        D:2 |      26 |       4 |  13.3 |      14 |       3 |  17.6
        D:3 |      43 |      76 |  63.9 |      12 |      14 |  53.8
        D:4 |     109 |       0 |   0.0 |       6 |       0 |   0.0
        D:5 |     623 |       5 |   0.8 |      18 |       2 |  10.0
            +---------+---------+-------+---------+---------+-------
